 Dungeon Crawl Stone Soup version 0.19-a0-805-g0a78ef0 (webtiles) character file.

2107 TheGoonsmith the Geomancer (level 9, -6/45 HPs)
             Began as a Gargoyle Earth Elementalist on June 27, 2016.
             Was a Follower of Ashenzari.
             Mangled by Oroborous's ghost (8 damage)
             ... on level 7 of the Dungeon.
             The game lasted 00:16:14 (9071 turns).

TheGoonsmith the Geomancer (GrEE)                   Turns: 9071, Time: 00:16:15

Health: -6/45      AC: 11    Str: 13    XL:     9   Next: 28%
Magic:  3/18       EV: 11    Int: 18    God:    Ashenzari [*.....]
Gold:   323        SH:  0    Dex: 10    Spells: 4 memorised, 7 levels left

rFire  + . .     SeeInvis .     b - 272 stones
rCold  . . .     Gourm    .     c - +0 robe
rNeg   + . .     Faith    .     (no shield)
rPois  ∞         Spirit   .     (no helmet)
rElec  +         Dismiss  .     q - +0 cloak (curse)
rCorr  .         Reflect  .     l - +1 pair of gloves (curse)
SustAt .         Harm     .     n - +0 pair of boots (curse)
MR     .....                    (no amulet)
Stlth  ++........               (no ring)
                                o - ring of protection from fire (curse)

@: drained, not resistant to hostile enchantments, unstealthy
A: negative energy resistance 1, electricity resistance, unbreathing,
petrification resistance, rot immunity, AC +5
a: Curse Item, Scrying, Renounce Religion


You were on level 7 of the Dungeon.
You worshipped Ashenzari.
Ashenzari was aware of your devotion.
You were not hungry.

You visited 1 branch of the dungeon, and saw 7 of its levels.
You also visited: Sewer.

You collected 323 gold pieces.

Inventory:

Hand Weapons
 a - a +1 whip of venom
 h - a +0 short sword
 i - a +0 club
 s - a +0 mace
 w - a -3 mace
 A - the cursed +2 trident of Quarrel {distort, *Rage +Fly Int+4 Stlth+}
   (You found it on level 5 of the Dungeon)

   It warps and distorts space around it.
   Unwielding it can cause banishment or high damage.
   It affects your intelligence (+4).
   It lets you fly.
   It may make you go berserk in combat.
   It makes you more stealthy.
   It has a curse placed upon it.
 B - a +1 flail of protection
Missiles
 b - 272 stones (in hand)
Armour
 c - a +0 robe (worn)
 l - a cursed +1 pair of gloves (worn)
 n - a cursed +0 pair of boots (worn)
 q - a cursed +0 cloak (worn)
Jewellery
 g - a +4 ring of strength
 o - a cursed ring of protection from fire (left hand)
 p - an uncursed amulet of harm
 v - an uncursed amulet of rage
 y - the ring "Letoss" {rN+ Str-2 Int+4 Stlth+}
   (You found it on level 7 of the Dungeon)

   [ring of positive energy]

   It affects your strength (-2).
   It affects your intelligence (+4).
   It protects you from negative energy.
   It makes you more stealthy.
 N - an uncursed amulet of regeneration
Wands
 j - a wand of iceblast (10/15)
 L - a wand of confusion (25/48)
 M - a wand of acid (7/15)
Scrolls
 r - a scroll of identify
 J - a scroll of fog {unknown}
 O - a scroll of remove curse
Potions
 m - 2 potions of agility
 x - 2 potions of flight
 z - a potion of brilliance {unknown}
 D - 2 potions of ambrosia {unknown}
 E - 2 potions of mutation
 F - 4 potions of might
 G - 5 potions of heal wounds
 I - 3 potions of curing
 K - a potion of magic {unknown}
Books
 e - a book of Geomancy

   Spells                             Type                      Level
   a - Sandblast                      Earth                        1
   b - Passwall                       Transmutation/Earth          2
   c - Stone Arrow                    Conjuration/Earth            3
   d - Petrify                        Transmutation/Earth          4
   e - Lee's Rapid Deconstruction     Earth                        5
 C - a Fen Folio

   Spells                             Type                      Level
   a - Corpse Rot                     Necromancy                   2
   b - Stone Arrow                    Conjuration/Earth            3
   c - Leda's Liquefaction            Hexes/Earth                  4
   d - Summon Forest                  Summoning/Translocation      5
   e - Hydra Form                     Transmutation                6
   f - Summon Hydra                   Summoning                    7
Comestibles
 d - a bread ration
 f - 13 fruits
 k - a royal jelly
 t - 5 meat rations
 u - 3 beef jerkies
 H - 6 chunks of flesh


   Skills:
 + Level 5.3(4.7) Maces & Flails
 - Level 1.5(1.0) Dodging
 - Level 2.1(1.6) Stealth
 - Level 6.0(5.4) Spellcasting
 - Level 0.7(0.2) Transmutations
 - Level 10.8(10.1) Earth Magic


You had 7 spell levels left.
You knew the following spells:

 Your Spells              Type           Power        Failure   Level  Hunger
a - Sandblast             Erth           #####.       1%          1    None
b - Petrify               Tmut/Erth      ###.....     17%         4    ####...
x - Stone Arrow           Conj/Erth      ###...       6%          3    ##.....
z - Lee's Rapid Deconstr  Erth           #####.....   6%          5    ######.


Dungeon Overview and Level Annotations

Branches:
Dungeon (7/15)             Temple (0/1) D:5

Altars:
Ashenzari
Fedhas
Makhleb
Trog

Annotations:
D:7 Oroborous's ghost, novice DrTm


Innate Abilities, Weirdness & Mutations

You are resistant to torment.
Your stone body is resilient. (AC +5)
You are immune to poison.
You resist negative energy. (rN+)
You are resistant to electric shocks. (rElec)
You can survive without breathing.
You are immune to petrification.
You are immune to rotting.


Message History

Aiming: Sandblast
Press: ? - help, Shift-Dir - straight line, f/p - Oroborous's ghost
Aim: Oroborous's ghost (severely damaged)
The rocky blast hits Oroborous's ghost.
Oroborous's ghost is almost destroyed.
The centaur hits you.
Oroborous's ghost breathes negative energy at you.
The bolt of negative energy hits you! You partially resist.
You feel drained.
* * * LOW HITPOINT WARNING * * *
Casting: Sandblast
Confirm with . or Enter, or press ? or * to list all spells.
Aiming: Sandblast
Press: ? - help, Shift-Dir - straight line, f/p - Oroborous's ghost
Aim: Oroborous's ghost (almost destroyed, catching its breath)
The rocky blast hits Oroborous's ghost.
Oroborous's ghost is almost destroyed.
The centaur hits you.
* * * LOW HITPOINT WARNING * * *
Oroborous's ghost hits you!
You die...

#.........# #..#(.#
#....
#..#....#.###.###.#
#.###
#..####....##.# #)#
#.### ... ###.....#
#.## #.##. <#.
##...####..###
#.#.. #
##>)..###.(.##
#.#.#
#....#####>.###
#.#.#
##...(..###...##
#.#.#
#....@..####..#
#...# #...cW...#
##.# ##..#
#........# #.# #..#
#........#
#)#####..#
#........#
##)##.....#
#........#
#........##
........##
#.....<..#
#........#
#........#
#........#


You could see a centaur and Oroborous's ghost.

Vanquished Creatures
  Sigmund (D:2)
  Edmund (D:5)
  A sky beast (D:5)
  2 ogres (D:7)
  2 centaurs
  2 big kobolds (Sewer)
  3 crimson imps
  Crazy Yiuf (D:2)
  2 hounds
  2 jellies
  3 orc priests
  8 orc wizards
  A centaur skeleton (D:5)
  Ijyb (D:3)
  An iguana (D:4)
  5 worker ants
  12 gnolls
  12 adders
  9 river rats (Sewer)
  2 adder skeletons
  9 worms
  9 dart slugs
  4 giant geckos
  10 orcs
  10 ball pythons
  9 giant cockroaches
  9 goblins
  10 hobgoblins
  10 jackals
  22 kobolds
  4 quokkas
  5 bats
  A giant gecko skeleton (D:5)
  6 giant newts
  A quokka skeleton (D:4)
  29 rats
219 creatures vanquished.

Notes
Turn   | Place    | Note
--------------------------------------------------------------
     0 | D:1      | TheGoonsmith the Gargoyle Earth Elementalist began the quest for the Orb.
     0 | D:1      | Reached XP level 1. HP: 10/10 MP: 3/3
   141 | D:1      | Reached skill level 4 in Earth Magic
   153 | D:1      | Reached XP level 2. HP: 6/15 MP: 0/5
   912 | D:2      | Reached XP level 3. HP: 19/19 MP: 4/6
  1149 | D:2      | Reached skill level 5 in Earth Magic
  1435 | D:2      | Reached XP level 4. HP: 22/24 MP: 3/7
  1473 | D:2      | Found a blossoming altar of Fedhas.
  2141 | D:2      | Found a runed door.
  2152 | D:2      | Noticed Crazy Yiuf
  2155 | D:2      | Killed Crazy Yiuf
  2429 | D:2      | Noticed Sigmund
  2435 | D:2      | Killed Sigmund
  2435 | D:2      | Reached skill level 7 in Earth Magic
  2435 | D:2      | Reached XP level 5. HP: 2/28 MP: 4/10
  2435 | D:2      | Reached XP level 6. HP: 2/32 MP: 4/11
  2776 | D:3      | Noticed Ijyb
  2784 | D:3      | Killed Ijyb
  3062 | D:3      | Found a shattered altar of Ashenzari.
  3548 | D:3      | Became a worshipper of Ashenzari the Shackled
  4083 | D:3      | HP: 1/32 [something/puff of flame (8)]
  4086 | D:3      | Reached XP level 7. HP: 1/36 MP: 0/13
  4385 | D:4      | Reached skill level 8 in Earth Magic
  5407 | D:5      | Entered Level 5 of the Dungeon
  5506 | D:5      | Learned a level 3 spell: Stone Arrow
  5512 | D:5      | Learned a level 5 spell: Lee's Rapid Deconstruction
  5517 | D:5      | Learned a level 4 spell: Petrify
  5573 | D:5      | Noticed Edmund
  5604 | D:5      | Killed Edmund
  5604 | D:5      | Reached skill level 9 in Earth Magic
  6030 | D:5      | Noticed a moth of wrath
  6038 | D:5      | Got the cursed trident of Quarrel {distort, *Rage +Fly Int+4 Stlth+}
  6039 | D:5      | Identified the cursed +2 trident of Quarrel {distort, *Rage +Fly Int+4 Stlth+} (You found it on level 5 of the Dungeon)
  6045 | D:5      | Reached XP level 8. HP: 36/41 MP: 15/15
  6056 | D:5      | Found a bloodstained altar of Trog.
  6104 | D:5      | Found a staircase to the Ecumenical Temple.
  6177 | D:5      | Found a shattered altar of Ashenzari.
  6384 | D:5      | Reached skill level 5 in Spellcasting
  6617 | D:5      | Reached skill level 10 in Earth Magic
  6812 | D:6      | Found a glowing drain.
  6825 | Sewer    | Entered a sewer
  8337 | D:6      | Reached skill level 1 in Maces & Flails
  8613 | D:6      | Reached XP level 9. HP: 44/45 MP: 12/18
  8813 | D:7      | Identified the ring "Letoss" {rN+ Str-2 Int+4 Stlth+}
  8987 | D:7      | Found a burning altar of Makhleb.
  9003 | D:7      | Reached skill level 5 in Maces & Flails
  9045 | D:7      | Reached * piety under Ashenzari
  9058 | D:7      | Noticed Oroborous's ghost (novice DrTm)
  9071 | D:7      | HP: 2/45 [centaur (5)]
  9071 | D:7      | Mangled by Oroborous's ghost

Vault maps used:
D:1:      sevenhm_arrival_forest_fort_small_3, minmay_misc_feat_square,
          corexii_hall_statues_i, st_stairs_8
D:2:      wad_crossroads, fedhas_altar_1, uniq_sigmund, uniq_crazy_yiuf_cottage
D:3:      kennysheep_slugbush, cheibrodos_ashenzari_chains, uniq_iyjb
D:5:      tgw_trog, nicolae_overflow_crystal_walls, first_bread, uniq_edmund
D:6:      portal_sewer_entry_c
D:7:      tso_altar, lemuel_crystal_altar, grunt_livestock
Sewer:    sewer_minmay_treatment

Skill      XL: |  1  2  3  4  5  6  7  8  9 |
---------------+----------------------------+-----
Earth Magic    | 4 5 7 9 10 | 10.8
Spellcasting   | 3 4 6 |  6.0
Maces & Flails | 3 5 |  5.3
Dodging        | |  1.5
Stealth        | |  2.1
Transmutations | |  0.7

Action                   |  1- 3 |  4- 6 |  7- 9 || total
-------------------------+-------+-------+-------++-------
Melee: Short sword       |    11 |    23 |       ||    34
       Unarmed           |     7 |       |       ||     7
       Club              |    11 |       |       ||    11
       Mace              |       |     1 |       ||     1
       Whip              |       |       |    36 ||    36
       Flail             |       |       |    43 ||    43
 Cast: Sandblast         |    71 |   108 |   376 ||   555
       Stone Arrow       |       |       |     2 ||     2
Invok: Curse Item        |       |       |     4 ||     4
  Use: Scroll            |       |     8 |     7 ||    15
       Potion            |       |     2 |       ||     2
  Eat: Chunk             |     3 |     8 |    11 ||    22
       Bread ration      |       |       |     1 ||     1
Armor: Robe              |    18 |    37 |   198 ||   253
Dodge: Dodged            |    48 |    53 |   316 ||   417
